AoeStats
← garryvideo

Arabian Desert

510446365Analyzed
1v1 RM · 15h ago on Oct 1, 2026· 46m 55s· 2 players
Game mode
Random Map
Map size
Tiny (2 player)
Population
200
Speed
Normal
Resources
Standard
Victory
Conquest
Starting age
Dark Age
Ending age
Imperial Age
RankedLock teamsTeams togetherTeam positionsShared explorationLock speedFull tech treeHidden civsTurbo modeCheats
Victory
Defeat
🇹🇼 Teutons · Taiwan
1387
+16
🇧🇷 Ethiopians · Brazil
1381
-16
artureliascoelho
6:04 Loom
8:50 Feudal Age
8:54 Man-at-Arms
14:28 Double-Bit Axe
14:37 Fletching
17:39 Padded Archer Armor
20:53 Scale Barding Armor
24:09 Castle Age
24:11 Crossbowman
24:47 Bodkin Arrow
28:45 Bow Saw
29:32 Horse Collar
36:25 Gold Mining
37:58 Chain Barding Armor
39:22 Wheelbarrow
39:37 Town Watch
42:14 Forging
46:20 Imperial Age
44:34 Squires
44:36 Scale Mail Armor
47:04 Bracer
garryvideo
5:53 Loom
8:47 Feudal Age
11:24 Double-Bit Axe
14:03 Fletching
21:11 Castle Age
19:16 Horse Collar
20:09 Scale Barding Armor
20:13 Gold Mining
20:38 Bloodlines
24:06 Forging
24:11 Gold Mining
29:01 Wheelbarrow
30:28 Chain Barding Armor
35:31 Stone Mining
37:04 Bow Saw
42:40 Imperial Age
40:42 Heavy Plow
41:53 Iron Casting
44:13 Plate Barding Armor
43:23 Cavalier
47:20 Scale Mail Armor
Connection lost

Rejoining the realm…

Still unreachable

The connection could not be restored.

Session expired

The server has moved on; the page needs a fresh start.